 Dungeon Crawl Stone Soup version 0.25.1-2-g60ff931df9 (webtiles) character file.

Game seed: 2100164482758994086

3696 Delamore the Basher (level 10, -7/59 HPs)
             Began as a Gargoyle Fighter on Sept 10, 2020.
             Was a Believer of Okawaru.
             Mangled by a death yak (9 damage)
             ... on level 7 of the Dungeon.
             The game lasted 00:07:49 (7378 turns).

Delamore the Basher (Gargoyle Fighter)              Turns: 7378, Time: 00:07:49

Health: -7/59      AC: 18    Str: 23    XL:     10   Next: 13%
Magic:  10/10      EV:  6    Int:  9    God:    Okawaru [**....]
Gold:   363        SH: 10    Dex:  9    Spells: 9/9 levels left

rFire    + . .     SeeInvis .   t - +1 morningstar (drain)
rCold    . . .     Gourm    .   c - +0 kite shield
rNeg     + . .     Faith    +   e - +0 chain mail
rPois    ∞         Spirit   .   (no helmet)
rElec    +         Reflect  .   i - +0 cloak
rCorr    .         Harm     .   o - +0 pair of gloves
MR       .....                  (no boots)
Stlth    ..........             D - amulet of faith
HPRegen  0.19/turn              G - ring of protection from fire
MPRegen  0.12/turn              (no ring)

@: no status effects
A: negative energy resistance 1, electricity resistance, unbreathing,
petrification resistance, rot immunity, AC +7
a: Heroism, Renounce Religion


You were on level 7 of the Dungeon.
You worshipped Okawaru.
Okawaru was pleased with you.
You were not hungry.

You visited 2 branches of the dungeon, and saw 9 of its levels.

You collected 363 gold pieces.

Inventory:

Hand Weapons
 a - a +0 flail
 t - a +1 morningstar of draining (weapon)
Missiles
 g - 7 poisoned darts (quivered)
Armour
 c - a +0 kite shield (worn)
 e - a +0 chain mail (worn)
 i - a +0 cloak (worn)
 o - a +0 pair of gloves (worn)
Jewellery
 D - an amulet of faith (around neck)
 G - a ring of protection from fire (left hand)
Wands
 x - a wand of paralysis (9)
Scrolls
 b - a scroll of identify
 h - 3 scrolls of teleportation
 j - a scroll of immolation
 k - a scroll of amnesia
 p - 3 scrolls of remove curse
 u - a scroll of fog
 v - a scroll of magic mapping
 w - 2 scrolls of enchant weapon
 B - a scroll of fear
 E - a scroll of enchant armour
 F - a scroll of noise
Potions
 d - 3 potions of might
 m - a potion of haste
 q - a potion of stabbing
 r - a potion of magic
 s - a potion of flight
 z - a potion of curing {unknown}
 A - a potion of mutation
 C - 2 potions of ambrosia {unknown}
Comestibles
 f - 11 rations
 l - a chunk of flesh


   Skills:
 - Level 5.0 Fighting
 + Level 13.1 Maces & Flails
 - Level 3.2 Armour
 - Level 5.0 Shields


You had 9 spell levels left.
You didn't know any spells.
Your spell library contained the following spells:

 Spells                   Type           Power        Failure   Level  Hunger
 Animate Skeleton         Necr           N/A          100%        1    ##.....
 Apportation              Tloc           #.....       100%        1    ##.....
 Beastly Appendage        Tmut           #.....       100%        1    ##.....
 Corona                   Hex            #......      100%        1    ##.....
 Pain                     Necr           #...         100%        1    ##.....
 Sandblast                Erth           #.....       100%        1    ##.....
 Summon Small Mammal      Summ           #...         100%        1    ##.....
 Passwall                 Tmut/Erth      #.......     100%        2    ###....
 Sticks to Snakes         Tmut           #.......     100%        2    ###....
 Spider Form              Tmut/Pois      #.........   100%        3    ####...
 Stone Arrow              Conj/Erth      #.....       100%        3    ####...
 Vampiric Draining        Necr           #.........   100%        3    ####...
 Animate Dead             Necr           N/A          100%        4    #####..
 Ice Form                 Ice/Tmut       #.......     100%        4    #####..
 Petrify                  Tmut/Erth      #.......     100%        4    #####..
 Agony                    Necr           #.......     100%        5    ######.
 Blade Hands              Tmut           #.........   100%        5    ######.
 Lee's Rapid Deconstruct  Erth           #.........   100%        5    ######.


Dungeon Overview and Level Annotations

Branches:
Dungeon (8/15)             Temple (1/1) D:7            Lair (0/6) D:8

Altars:
Ashenzari
Cheibriados
Dithmenos
Elyvilon
Fedhas
Gozag
Hepliaklqana
Kikubaaqudgha
Makhleb
Okawaru
Qazlal
Ru
Sif Muna
Trog
Uskayaw
Vehumet
Wu Jian
Yredelemnul
Zin
The Shining One

Shops:
D:4 ?


Innate Abilities, Weirdness & Mutations

You are resistant to torment.
Your stone body is resilient. (AC +7)
You are immune to poison.
You resist negative energy. (rN+)
You are resistant to electric shocks. (rElec)
You can survive without breathing.
You are immune to petrification.
You are immune to rotting.


Message History

The death yak is heavily wounded.
The death yak barely misses you.
You thump the death yak! You drain the death yak.
The death yak is severely wounded.
You block the death yak's attack.
You hit the death yak.
The death yak is severely wounded.
The death yak gores you.
* * * LOW HITPOINT WARNING * * *
You hit the death yak but do no damage. You drain the death yak.
The death yak is severely wounded.
The death yak gores you!
* * * LOW HITPOINT WARNING * * *
You hit the death yak but do no damage.
The death yak is severely wounded.
The death yak looks more healthy.
The death yak barely misses you.
You hit the death yak.
The death yak is almost dead.
The death yak gores you!
You die...

###.##.# #.#.#
#.##.#####.#.###
#.##.#.........#
##.##.........#.#
#...........###.#
#..####.##### #.#
#..# #.# #.#
#..####.##### #^#
#...........###@#
##.####.#.....#Y#
#.# #.#.###.#.#
#.# #...# #.((#
#.# ###.###.###
#.# #.....# #Y#
###.### #.# #.#
#.# #.#


You could see a death yak (drained).

Vanquished Creatures
  A death yak (D:7)
  Maggie (D:7)
  Prince Ribbit (D:5)
  A hippogriff (D:7)
  Sigmund (D:4)
  A wyvern (D:7)
  Menkaure (D:7)
  Duvessa (D:5)
  2 porcupines (D:8)
  An ice beast (D:7)
  An ogre (D:6)
  2 centaurs
  4 bullfrogs
  Dowan (D:5)
  5 crimson imps
  3 iron imps (D:8)
  3 orc priests
  2 hounds
  A jelly (D:8)
  2 centaur skeletons
  2 iguanas (D:5)
  7 orc wizards
  4 worker ants
  11 adders
  2 shadow imps
  An ooze (D:5)
  An adder zombie (D:5)
  2 worms
  2 dart slugs (D:1)
  5 leopard geckos
  18 orcs
  4 giant cockroaches
  7 goblins
  9 hobgoblins
  6 jackals
  9 kobolds
  4 quokkas
  A ball python (D:2)
  5 bats
  5 frilled lizards
  A quokka skeleton (D:8)
  A quokka zombie (D:6)
  9 rats
151 creatures vanquished.

Vanquished Creatures (others)
  2 plants (D:3)
  5 toadstools (D:1)
7 creatures vanquished.

Grand Total: 158 creatures vanquished

Notes
Turn   | Place    | Note
-------+----------+-------------------------------------------
     0 | D:1      | Delamore the Gargoyle Fighter began the quest for the Orb.
     0 | D:1      | Reached XP level 1. HP: 14/14 MP: 1/1
   156 | D:1      | Reached XP level 2. HP: 17/19 MP: 2/2
   521 | D:1      | Reached XP level 3. HP: 22/24 MP: 3/3
  1007 | D:2      | Found an ancient bone altar of Kikubaaqudgha.
  1072 | D:2      | Reached XP level 4. HP: 20/29 MP: 4/4
  1230 | D:2      | Reached skill level 3 in Maces & Flails
  1381 | D:2      | Found an ornate altar of the Wu Jian Council.
  1512 | D:3      | Found a hide-covered altar of Uskayaw.
  1523 | D:3      | Reached XP level 5. HP: 29/34 MP: 5/5
  2093 | D:3      | Found a white marble altar of Elyvilon.
  2880 | D:4      | Reached XP level 6. HP: 32/40 MP: 6/6
  2949 | D:4      | Reached skill level 5 in Fighting
  2949 | D:4      | Reached skill level 4 in Maces & Flails
  2949 | D:4      | Reached skill level 5 in Shields
  3034 | D:4      | Noticed Sigmund
  3045 | D:4      | Killed Sigmund
  3045 | D:4      | Reached skill level 5 in Maces & Flails
  3045 | D:4      | Reached XP level 7. HP: 34/44 MP: 7/7
  3140 | D:4      | Found Cimodeo's Magic Scroll Emporium.
  3524 | D:4      | Found a shimmering blue altar of Sif Muna.
  3628 | D:5      | Entered Level 5 of the Dungeon
  3630 | D:5      | Noticed Prince Ribbit
  3736 | D:5      | Killed Prince Ribbit
  3736 | D:5      | Reached skill level 6 in Maces & Flails
  4027 | D:5      | Found a snail-covered altar of Cheibriados.
  4151 | D:5      | Noticed Duvessa
  4154 | D:5      | Noticed Dowan
  4160 | D:5      | Killed Duvessa
  4160 | D:5      | Reached skill level 7 in Maces & Flails
  4170 | D:5      | Killed Dowan
  4170 | D:5      | Reached XP level 8. HP: 49/49 MP: 8/8
  4484 | D:5      | Reached skill level 8 in Maces & Flails
  4916 | D:6      | Reached skill level 9 in Maces & Flails
  5344 | D:7      | Noticed Menkaure
  5459 | D:7      | Killed Menkaure
  5459 | D:7      | Reached skill level 10 in Maces & Flails
  5459 | D:7      | Reached XP level 9. HP: 51/54 MP: 9/9
  5488 | D:7      | Found a staircase to the Ecumenical Temple.
  5502 | Temple   | Entered the Ecumenical Temple
  5567 | Temple   | Became a worshipper of Warmaster Okawaru
  5821 | D:7      | Noticed Maggie
  5835 | D:7      | Killed Maggie
  5835 | D:7      | Reached skill level 11 in Maces & Flails
  5969 | D:7      | Reached * piety under Okawaru
  6700 | D:8      | Noticed a death yak
  6704 | D:8      | Reached skill level 12 in Maces & Flails
  6705 | D:8      | Noticed a death yak
  6705 | D:8      | Noticed a death yak
  6742 | D:7      | Killed a death yak
  6742 | D:7      | Reached ** piety under Okawaru
  6742 | D:7      | Reached XP level 10. HP: 7/59 MP: 10/10
  7055 | D:8      | Found a staircase to the Lair.
  7113 | D:8      | Found a burning altar of Makhleb.
  7224 | D:8      | Reached skill level 13 in Maces & Flails
  7376 | D:7      | HP: 1/59 [death yak (12)]
  7378 | D:7      | Mangled by a death yak

Illustrated notes

Levels and vault maps discovered:
D:1:      ldierk_walled_garden, layout_basic, minmay_box_of_dots
D:2:      layout_basic, lemuel_doored_altar, old_standard_altar, first_ration
D:3:      layout_rooms, elyvilon_altar_3, eat_drink_and_be_merry_uskayaw,
          serial_bayou, serial_bayou_lagoon_a, serial_bayou_lagoon_b,
          serial_bayou_crossing, serial_bayou_pond_e, serial_bayou_shore_a
D:4:      layout_cave_pods, marbit_many_paths, serial_shops,
          nicolae_shop_crystal, minmay_tree_intersection, uniq_sigmund
D:5:      layout_cave_pods, cheibriados_altar_1, uniq_duvessa,
          uniq_prince_ribbit1
D:6:      layout_rooms
D:7:      layout_loops_ring, minmay_temple_entry_junction, uniq_maggie,
          uniq_menkaure
D:8:      layout_rooms, demons_altar, dpeg_lair_monsters, uniq_joseph
Temple:   cyrus_circular_temple

Skill      XL: |  1  2  3  4  5  6  7  8  9 10 |
---------------+-------------------------------+-----
Fighting       | 4 5 |  5.0
Shields        | 4 5 |  5.0
Maces & Flails | 3 5 7 10 12 13 | 13.1
Armour         | |  3.2

Action                   |  1- 3 |  4- 6 |  7- 9 | 10-12 || total
-------------------------+-------+-------+-------+-------++-------
Melee: Flail             |   171 |   123 |       |       ||   294
       Morningstar       |       |    55 |   246 |    44 ||   345
Throw: Dart              |       |       |    18 |     2 ||    20
  Use: Scroll            |       |    15 |     2 |     1 ||    18
  Eat: Chunk             |     1 |     7 |     8 |     2 ||    18
       Ration            |       |       |     1 |       ||     1
Armor: Scale mail        |   140 |    83 |    93 |       ||   316
       Chain mail        |       |       |     9 |    22 ||    31
Dodge: Dodged            |    71 |    43 |    71 |    13 ||   198
Block: Kite shield       |   128 |    81 |   103 |    31 ||   343
